 Dungeon Crawl Stone Soup version 0.29.1-15-g9cfb28693d (webtiles) character file.

Game seed: 11184932718832108505

17346 twifor the Carver (level 12, -11/88 HPs)
             Began as a Merfolk Fighter on Apr 17, 2023.
             Was an Elder of Okawaru.
             Mangled by a komodo dragon (23 damage)
             ... on level 1 of the Lair of Beasts.
             The game lasted 01:30:30 (11404 turns).

twifor the Carver (Merfolk Fighter)                Turns: 11404, Time: 01:30:31

Health: -11/88     AC: 14    Str: 16    XL:     12   Next: 47%
Magic:  16/20      EV: 17    Int: 13    God:    Okawaru [****..]
Gold:   608        SH:  7    Dex: 19    Spells: 21/21 levels left

rFire   + . .      SeeInvis .   a - +3 scimitar
rCold   . . .      Faith    .   c - +0 buckler
rNeg    . . .      Spirit   .   F - +0 swamp dragon scales
rPois   +          Reflect  .   t - +2 helmet
rElec   .          Harm     .   e - +0 cloak
rCorr   .          Rampage  .   (no gloves)
Will    .....                   (no boots)
Stlth   ++........              f - amulet of regeneration
HPRegen 1.04/turn               B - ring of protection from fire
MPRegen 0.17/turn               n - +6 ring of intelligence

@: lethally poisoned (-11 -> -11), about to teleport, heroic, finesse-ful
A: (nimble swimmer 2), mertail
a: Renounce Religion, Heroism, Finesse


You were on level 1 of the Lair of Beasts.
You worshipped Okawaru.
Okawaru was greatly pleased with you.
You visited 3 branches of the dungeon, and saw 12 of its levels.

You collected 608 gold pieces.

Inventory:

Hand Weapons
 a - a +3 scimitar (weapon)
 b - a +1 whip of freezing
Missiles
 d - 6 curare-tipped darts
 g - a throwing net
 j - 4 atropa-tipped darts
 o - 13 javelins
 q - a boomerang (quivered)
 x - 28 poisoned darts
 K - 2 datura-tipped darts
Armour
 c - a +0 buckler (worn)
 e - a +0 cloak (worn)
 t - a +2 helmet (worn)
 F - +0 swamp dragon scales (worn)
 I - a +0 plate armour
Jewellery
 f - an amulet of regeneration (around neck)
 n - a +6 ring of intelligence (right hand)
 z - a ring of ice
 B - a ring of protection from fire (left hand)
 E - an amulet of reflection
Wands
 m - a wand of iceblast (1)
 A - a wand of mindburst (10)
 C - a wand of digging (1)
 G - a wand of flame (14)
 H - a wand of paralysis (3)
Scrolls
 k - 7 scrolls of teleportation
 l - a scroll of silence
 s - 4 scrolls of immolation
 v - a scroll of fog
 y - 2 scrolls of acquirement {unknown}
 J - a scroll of magic mapping
Potions
 h - a potion of brilliance
 i - 2 potions of flight
 p - a potion of cancellation
 r - 2 potions of curing
 u - 2 potions of heal wounds
 w - a potion of mutation
 D - 2 potions of magic


   Skills:
 - Level 6.1(11.1) Fighting
 - Level 14.0(19.0) Long Blades
 + Level 8.5(13.5) Throwing
 - Level 3.8(8.8) Armour
 - Level 5.2(10.2) Dodging
 - Level 5.1(10.1) Shields
 - Level 5.4 Spellcasting
 - Level 8.0 Invocations
 + Level 5.8 Evocations


You had 21 spell levels left.
You didn't know any spells.
Your spell library contained the following spells:

 Spells                   Type           Power      Damage    Failure   Level
 Gell's Gravitas          Tloc           3%         N/A       73%         3
 Ozocubu's Armour         Ice            3%         N/A       73%         3
 Teleport Other           Tloc           3%         N/A       73%         3
 Dispersal                Tloc           1%         N/A       100%        6
 Ozocubu's Refrigeration  Ice            1%         4d7       100%        7


Dungeon Overview and Level Annotations

Branches:
Dungeon (10/15)            Temple (1/1) D:6            Lair (1/5) D:10
    Orc (0/2) D:10

Altars:
Ashenzari
Cheibriados
Dithmenos
Elyvilon
Fedhas
Gozag
Hepliaklqana
Kikubaaqudgha
Makhleb
Nemelex Xobeh
Okawaru
Qazlal
Ru
Sif Muna
Trog
Uskayaw
Vehumet
Wu Jian
Xom
Yredelemnul
Zin
The Shining One

Shops:
D:5 =

Annotations:
D:1 exclusion: downstairs
D:8 Gastronok
D:9 exclusion: orange crystal statue
Lair:1 3 runed translucent doors, duchin's ghost, journeyman MfBe


Innate Abilities, Weirdness & Mutations

((You are very nimble when in or above water. (Stealth+, EV+, Speed+++)))
Your lower body shifts to a powerful aquatic tail in water.


Message History

You feel sick.
You barely miss the cane toad.
The cane toad is almost dead.
You feel sick.
The cane toad stings you but does no damage.
The komodo dragon bites you!!
* * * LOW HITPOINT WARNING * * *
You slash the cane toad!
You kill the cane toad!
Okawaru accepts your kill.
You hit the cane toad but do no damage.
You feel sick. You block the cane toad's attack.
You hit the cane toad but do no damage.
You feel sick. The komodo dragon bites you!
* * * LOW HITPOINT WARNING * * *
You slash the cane toad!
The cane toad is lightly wounded.
You feel sick.
The cane toad stings you but does no damage.
You barely miss the cane toad.
The cane toad is lightly wounded.
You hit the cane toad but do no damage.
The cane toad is lightly wounded.
You feel sick.
The bullfrog swells and bulges.
The komodo dragon completely misses you.
You barely miss the cane toad.
The cane toad is lightly wounded.
You block the cane toad's attack.
You closely miss the cane toad.
The cane toad is lightly wounded.
You feel sick.
The bullfrog snags a nearby moth with its tongue.
The komodo dragon bites you!!
* * * LOW HITPOINT WARNING * * *
As you read the scroll of teleportation, it crumbles to dust.
You feel strangely unstable.
You feel sick.
The cane toad stings you but does no damage.
The komodo dragon bites you!!
You die...

...........♣..#
..........F........##..
..####.#..### ....#....
.........#..###........
#.......#....#...♣...#
#.................^...
#######......#.♣...♣.#
#.#.#Z#.#....#.......#
#...ZW#.....Fl@..♣.
##$.ZZ+.....##F.......#.
#.[..Z+....##.....#....### ..
##?...+....#......## ....#.....
#.....#...##.......##..♣.+.....
#.#.#.#...#.........##.........
.#######...#...#..........#.....
...........#....................
.................#.####......##P.


You could see a komodo dragon, a cane toad and a bullfrog.

Vanquished Creatures
  A hydra (Lair:1)
  2 two-headed ogres
  5 death yaks
  Sonja (D:10)
  Pikel (D:6)
  2 cane toads (Lair:1)
  A gargoyle (D:8)
  A komodo dragon (D:10)
  A rime drake (Lair:1)
  2 polar bears
  A troll (D:9)
  A hornet (D:9)
  The ghost of infcreate the Skirmisher, an amateur DEHu (D:5)
  A shadow (D:10)
  A wyvern (D:10)
  11 yaks
  3 vampire mosquitoes
  2 steam dragons
  Duvessa (D:5)
  3 water moccasins
  3 ice beasts
  5 orc warriors (D:10)
  4 black bears
  2 ogres (D:4)
  2 sky beasts (D:7)
  A wolf (D:8)
  4 centaurs
  A phantom (D:6)
  5 kobold brigands
  2 lemures (D:6)
  Blork the orc (D:5)
  4 bullfrogs
  A scorpion (D:6)
  The ghost of Exodus22XD the Caller, an amateur FeSu (D:3)
  3 necrophages
  A water moccasin zombie (D:4)
  13 wights
  Dowan (D:5)
  19 killer bees
  2 howler monkeys
  9 electric eels
  6 hounds
  2 jellies
  2 gnoll boudas
  5 orc priests
  Terence (D:2)
  5 iguanas
  9 orc wizards
  26 gnolls
  10 adders
  6 white imps
  3 ufetubi
  2 adder zombies (D:4)
  A worm (D:3)
  3 dart slugs
  44 orcs
  9 endoplasms
  2 giant cockroaches (D:3)
  4 hobgoblins
  12 jackals
  6 quokkas
  8 ball pythons
  7 bats
  11 goblins
  21 kobolds
  A spectral orc (D:6)
332 creatures vanquished.

Vanquished Creatures (others)
  Maurice (D:9)
  A fungus (Lair:1)
  12 plants
  A withered plant (D:4)
15 creatures vanquished.

Grand Total: 347 creatures vanquished

Notes
Turn   | Place    | Note
-------+----------+-------------------------------------------
     0 | D:1      | twifor the Merfolk Fighter began the quest for the Orb.
     0 | D:1      | Reached XP level 1. HP: 18/18 MP: 1/1
    23 | D:1      | Found a faded altar of an unknown god.
   253 | D:1      | Reached skill level 3 in Long Blades
   371 | D:1      | Reached XP level 2. HP: 24/24 MP: 2/2
   785 | D:1      | Reached skill level 4 in Long Blades
  1031 | D:2      | Noticed Terence
  1102 | D:2      | Reached XP level 3. HP: 29/29 MP: 3/3
  1486 | D:3      | Reached skill level 5 in Long Blades
  1584 | D:3      | Reached XP level 4. HP: 35/35 MP: 4/4
  1645 | D:3      | Found a runed translucent door.
  1646 | D:3      | Noticed Exodus22XD's ghost (amateur FeSu)
  1972 | D:3      | Found a shadowy altar of Dithmenos.
  2094 | D:3      | Killed Exodus22XD's ghost
  2095 | D:3      | Reached skill level 6 in Long Blades
  2095 | D:3      | Reached XP level 5. HP: 40/41 MP: 5/5
  2399 | D:2      | Killed Terence
  2510 | D:3      | Reached skill level 7 in Long Blades
  2551 | D:4      | Noticed an ogre
  2555 | D:4      | Reached XP level 6. HP: 47/47 MP: 6/6
  2796 | D:4      | Noticed a black bear
  2809 | D:4      | Killed a black bear
  2810 | D:4      | Reached skill level 8 in Long Blades
  2830 | D:4      | Reached XP level 7. HP: 47/52 MP: 7/7
  2848 | D:4      | Reached skill level 9 in Long Blades
  3090 | D:4      | Reached skill level 10 in Long Blades
  3244 | D:4      | Reached XP level 8. HP: 45/58 MP: 8/8
  3248 | D:5      | Entered Level 5 of the Dungeon
  3299 | D:5      | Found a transporter.
  3303 | D:5      | Noticed infcreate's ghost (amateur DEHu)
  3319 | D:5      | Reached skill level 11 in Long Blades
  3354 | D:5      | Found a sparkling altar of Nemelex Xobeh.
  3370 | D:5      | Noticed Blork the orc
  3378 | D:5      | Killed Blork the orc
  3383 | D:5      | Found a transporter.
  3403 | D:5      | Found a bloodstained altar of Trog.
  3509 | D:5      | Reached skill level 12 in Long Blades
  3659 | D:5      | Found a glowing golden altar of the Shining One.
  3699 | D:5      | Noticed Duvessa
  3710 | D:5      | Noticed Dowan
  3724 | D:5      | Killed Duvessa
  3731 | D:5      | Killed Dowan
  3977 | D:5      | Found Vuwikh's Jewellery Emporium.
  3996 | D:5      | Found an iron altar of Okawaru.
  4000 | D:5      | Became a worshipper of Warmaster Okawaru
  4152 | D:4      | Reached skill level 13 in Long Blades
  4222 | D:4      | Reached XP level 9. HP: 64/64 MP: 9/9
  4869 | D:5      | Found a sacrificial altar of Ru.
  4897 | D:5      | Found an ornate altar of the Wu Jian Council.
  4940 | D:5      | Reached * piety under Okawaru
  4943 | D:5      | Killed infcreate's ghost
  4944 | D:5      | Reached skill level 14 in Long Blades
  4944 | D:5      | Reached skill level 1 in Throwing
  4944 | D:5      | Reached skill level 1 in Spellcasting
  4944 | D:5      | Reached skill level 1 in Invocations
  5336 | D:6      | Found a basalt altar of Yredelemnul.
  5624 | D:6      | Found a staircase to the Ecumenical Temple.
  5632 | Temple   | Entered the Ecumenical Temple
  5960 | D:6      | Noticed Pikel
  5980 | D:6      | Killed Pikel
  5980 | D:6      | Reached ** piety under Okawaru
  5981 | D:6      | Reached XP level 10. HP: 40/70 MP: 11/15
  6168 | D:7      | Found an opulent altar of Gozag.
  6386 | D:7      | Reached skill level 5 in Invocations
  6695 | D:7      | Found a blossoming altar of Fedhas.
  6860 | D:7      | Found a glowing silver altar of Zin.
  6988 | D:7      | Found a radiant altar of Vehumet.
  7239 | D:8      | Reached skill level 5 in Throwing
  7352 | D:8      | Reached *** piety under Okawaru
  7526 | D:8      | Found a hazy altar of Hepliaklqana.
  7558 | D:8      | Noticed a gargoyle
  7582 | D:8      | Killed a gargoyle
  7583 | D:8      | Reached skill level 5 in Spellcasting
  7869 | D:8      | Noticed Gastronok
  7930 | D:8      | Found an ancient bone altar of Kikubaaqudgha.
  8014 | D:8      | Identified the +5 ring mail of Mysticism {Fly Will- Regen+
                  | Dex-5}
  8242 | D:9      | Noticed Maurice
  8257 | D:9      | Noticed a two-headed ogre
  8298 | D:9      | Reached skill level 1 in Dodging
  8368 | D:9      | Found a broken altar of Ashenzari.
  8407 | D:9      | Reached XP level 11. HP: 63/77 MP: 19/19
  8520 | D:9      | Killed Maurice
  8591 | D:9      | Killed a two-headed ogre
  8651 | D:9      | Reached **** piety under Okawaru
  8756 | D:9      | Paralysed by a hornet for 2 turns
  8762 | D:9      | Reached skill level 5 in Fighting
  9168 | D:9      | Noticed an orange crystal statue
  9675 | D:10     | Entered Level 10 of the Dungeon
  9789 | D:10     | Noticed a two-headed ogre
  9798 | D:10     | Killed a two-headed ogre
  9799 | D:10     | Reached skill level 5 in Dodging
  9799 | D:10     | Reached skill level 5 in Shields
  9930 | D:10     | Found a staircase to the Lair.
 10121 | D:10     | Reached skill level 1 in Evocations
 10172 | D:10     | Received a gift from Okawaru
 10357 | D:10     | Found a hide-covered altar of Uskayaw.
 10374 | D:10     | Received a gift from Okawaru
 10856 | D:10     | Found a staircase to the Orcish Mines.
 10979 | Lair:1   | Entered Level 1 of the Lair of Beasts
 10979 | Lair:1   | Noticed Sonja
 11025 | D:10     | Killed Sonja
 11041 | D:10     | Reached XP level 12. HP: 83/88 MP: 14/20
 11049 | Lair:1   | Noticed an eight-headed hydra
 11049 | Lair:1   | Noticed a death yak
 11049 | Lair:1   | Noticed a death yak
 11057 | Lair:1   | Killed an eight-headed hydra
 11060 | Lair:1   | Noticed a death yak
 11060 | Lair:1   | Noticed a death yak
 11066 | Lair:1   | Killed a death yak
 11066 | Lair:1   | Received a gift from Okawaru
 11067 | Lair:1   | Noticed a death yak
 11079 | D:10     | Killed a death yak
 11112 | D:10     | Killed a death yak
 11112 | D:10     | Received a gift from Okawaru
 11124 | D:10     | Killed a death yak
 11125 | D:10     | Reached skill level 5 in Evocations
 11148 | Lair:1   | Killed a death yak
 11148 | Lair:1   | Reached ***** piety under Okawaru
 11357 | Lair:1   | Found a runed translucent gate.
 11358 | Lair:1   | Found a runed translucent gate.
 11360 | Lair:1   | Found a runed translucent gate.
 11361 | Lair:1   | Noticed duchin's ghost (journeyman MfBe)
 11404 | Lair:1   | Mangled by a komodo dragon

Illustrated notes

Levels and vault maps discovered:
D:1:      psy_arrival_terrarium, layout_loops_corners,
          shapermc_ecumenical_altar_mp_highgroup, nicolae_figureground_sparkle
D:2:      layout_basic, mrwooster_statue_mirror, uniq_terence
D:3:      layout_loops_cross, nicolae_dithmenos_shadow_blocks,
          ebering_ghost_reflecting_pool, kennysheep_generic_room_8
D:4:      lemuel_castle_with_subvaults [lemuel_castle_interior_carwin_3],
          layout_basic, serial_undead, serial_undead_c, serial_undead_c,
          serial_undead_e, serial_undead_c
D:5:      layout_gridville, marbit_many_paths, trog_ov_bears_minmay,
          nicolae_overflow_quartered_altars, gammafunk_ghost_arena,
          serial_shops, shop, uniq_duvessa, uniq_blork_the_orc
D:6:      wad_pebble_path, layout_basic, yredelemnul_forgotten_temple_becter,
          minmay_temple_entry_glassed_door, uniq_pikel
D:7:      layout_loops_cross, pdpol_temple_overflow_zin_treasury_gozag_greed,
          nicolae_overflow_crystal_walls, kennysheep_mini,
          hellmonk_bongcloud_opening
D:8:      layout_basic, lemuel_crystal_altar, mainiacjoe_overflow_24_doors,
          serial_ice, serial_ice_k, serial_ice_g, serial_ice_h, serial_ice_n,
          serial_ice_e, serial_ice_a, serial_ice_f, uniq_gastronok
D:9:      minmay_statue_hallways, layout_long_grid, lemuel_doored_altar,
          uniq_maurice
D:10:     layout_small_grid, general_overflow_altar, david_lair_shrubbed,
          erik_orc_2
Temple:   hellmonk_temple_micro_hex
Lair:1:   layout_regular_city, gammafunk_ghost_necromancy, serial_bayou_lake_a,
          infiniplex_staircase_pool, grunt_megastairs_4, uniq_fannar, uniq_sonja

Skill      XL: |  1  2  3  4  5  6  7  8  9 10 11 12 |
---------------+-------------------------------------+-----
Long Blades    | 3 4 5 6 7 8 10 13 14 | 14.0
Throwing       | 4 5 6 8 |  8.5
Spellcasting   | 3 5 |  5.4
Invocations    | 4 6 7 8 |  8.0
Dodging        | 2 5 |  5.2
Fighting       | 4 6 |  6.1
Armour         | 3 |  3.8
Shields        | 5 |  5.1
Evocations     | 3 5 |  5.8

Action                   |  1- 3 |  4- 6 |  7- 9 | 10-12 || total
-------------------------+-------+-------+-------+-------++-------
Melee: Long sword        |    98 |   101 |   510 |   585 ||  1294
       Tailslap          |       |       |     4 |     3 ||     7
       Scimitar          |       |       |       |   237 ||   237
Throw: Stone             |       |     9 |     1 |       ||    10
       Javelin           |       |     2 |       |       ||     2
       Throwing net      |       |       |     1 |       ||     1
       Boomerang         |       |       |       |    53 ||    53
Invok: Heroism           |       |       |     3 |    23 ||    26
       Finesse           |       |       |       |     3 ||     3
Evoke: Wand              |       |       |       |     1 ||     1
  Use: Potion            |       |     3 |     4 |     7 ||    14
       Scroll            |       |    10 |     5 |    12 ||    27
 Stab: Distracted        |       |       |     1 |       ||     1
Armor: Scale mail        |    45 |    15 |       |       ||    60
       Chain mail        |       |    54 |   219 |   203 ||   476
       Swamp dragon scal |       |       |       |    71 ||    71
Dodge: Dodged            |    32 |    43 |   120 |   287 ||   482
Block: Buckler           |    13 |    34 |   113 |   193 ||   353
